[Event "Titled Tuesday Blitz June 28 Early 2022"]
[White "Torres Cueto, Jesus Marcial"]
[Black "Antonio, Jorge Carlos"]
[WhiteFideId "4415280"]
[BlackFideId "113190"]
[WhiteElo "2055"]
[BlackElo "2247"]
[Result "1-0"]
[Round "09"]
[TimeControl "180+1"]
[Date "2022.06.28"]
[WhiteClock "0:00:28"]
[BlackClock "0:00:01"]

1. d4 d5 2. c4 c6 3. Nc3 Nf6 4. Nf3 e6 5. Bf4 Nbd7 6. cxd5 exd5 7. e3 Nh5 8. Bg5 Be7 9. Bxe7 Qxe7 10. Bd3 Nf4 11. O-O Nxd3 12. Qxd3 O-O 13. a3 Nb6 14. b4 Nc4 15. b5 Bg4 16. Nd2 Nxd2 17. Qxd2 Qg5 18. Kh1 cxb5 19. Nxb5 a6 20. Nc3 Be6 21. Rab1 b5 22. a4 bxa4 23. Nxa4 Bf5 24. Rb6 Rfc8 25. Nc5 a5 26. Ra1 Qd8 27. Rb5 Rcb8 28. Rxb8 Rxb8 29. h3 Rb5 30. g4 Be6 31. Qd3 Rb2 32. Nxe6 fxe6 33. Kg2 Qf6 34. Rf1 Rb8 35. Qa6 h5 36. Qxa5 Rf8 37. f4 hxg4 38. hxg4 Qh4 39. Qc7 Qxg4+ 40. Kf2 1-0


[Site "https://www.chess.com"]

[Event "Titled Tuesday Blitz June 28 Early 2022"]
[White "Vlassov, Nikolai"]
[Black "Rychagov, Andrey"]
[WhiteFideId "4103360"]
[BlackFideId "4119932"]
[WhiteElo "2407"]
[BlackElo "2460"]
[Result "0-1"]
[Round "09"]
[TimeControl "180+1"]
[Date "2022.06.28"]
[WhiteClock "0:00:05"]
[BlackClock "0:02:12"]

1. e4 c5 2. c3 Nf6 3. e5 Nd5 4. Nf3 e6 5. d4 cxd4 6. cxd4 d6 7. Bc4 Bd7 8. O-O Bc6 9. Qe2 Nd7 10. Rd1 N7b6 11. Bb3 Be7 12. Nc3 O-O 13. Ne4 h6 14. Bd2 f5 15. exf6 Bxf6 16. Bc2 Qd7 17. Qd3 Ba4 18. b3 Bb5 19. Nxf6+ Nxf6 20. Qg6 Qf7 21. Qxf7+ Kxf7 22. Re1 Rac8 23. Rac1 Nbd5 24. a4 Bc6 25. h3 Ne7 26. Re3 Bd5 0-1


[Site "https://www.chess.com"]

[Event "Titled Tuesday Blitz June 28 Early 2022"]
[White "Vokhidov, Shamsiddin"]
[Black "Ibarra Jerez, Jose Carlos"]
[WhiteFideId "14204223"]
[BlackFideId "2226332"]
[WhiteElo "2611"]
[BlackElo "2628"]
[Result "0-1"]
[Round "09"]
[TimeControl "180+1"]
[Date "2022.06.28"]
[WhiteClock "0:00:02"]
[BlackClock "0:00:10"]

1. e4 c5 2. Nf3 Nf6 3. e5 Nd5 4. Nc3 e6 5. Nxd5 exd5 6. d4 Nc6 7. dxc5 Bxc5 8. Qxd5 Qb6 9. Bc4 Bxf2+ 10. Ke2 O-O 11. Rf1 Bc5 12. Ng5 Nxe5 13. Nxf7 Nxf7 14. Rxf7 Qe6+ 15. Qxe6 dxe6 16. Rxf8+ Kxf8 17. Bg5 h6 18. Rf1+ Kg8 19. Be3 Be7 20. Rd1 Kf7 21. Rd3 b6 22. Bf4 Bf6 23. c3 a6 24. a4 Ke7 25. Bc7 Bd7 26. Bxb6 Bxa4 27. Bc5+ Kf7 28. Rd6 Bb5 29. Bxb5 axb5 30. Kd3 Be5 31. Rb6 Rd8+ 32. Ke4 Bxh2 33. Rxb5 Rd2 34. Rb7+ Kf6 35. g4 Rg2 36. Bd4+ e5 37. Rb6+ Kf7 38. Be3 Rxg4+ 39. Kf3 Rg3+ 40. Kf2 Rg6 41. Rb7+ Ke6 42. b4 Kd5 43. b5 Ke4 44. Ke2 Rg2+ 45. Kf1 Rc2 46. Ba7 Kf3 47. Rf7+ Bf4 48. Kg1 Rc1# 0-1


[Site "https://www.chess.com"]

[Event "Titled Tuesday Blitz June 28 Early 2022"]
[White "Wartiovaara, Oliver"]
[Black "Magallanes, Rey Jomar"]
[WhiteFideId "513024"]
[BlackFideId "5205948"]
[WhiteElo "1971"]
[BlackElo "2167"]
[Result "0-1"]
[Round "09"]
[TimeControl "180+1"]
[Date "2022.06.28"]
[WhiteClock "0:00:30"]
[BlackClock "0:00:58"]

1. d4 d5 2. c4 e6 3. Nc3 Nf6 4. Bg5 Be7 5. cxd5 exd5 6. Qc2 Nbd7 7. e3 O-O 8. Bd3 h6 9. Bf4 c6 10. h3 b6 11. Nf3 Bb7 12. O-O c5 13. dxc5 Nxc5 14. Rfd1 Nxd3 15. Rxd3 Rc8 16. Rad1 Ne4 17. Qb3 Nc5 18. Rxd5 Nxb3 19. Rxd8 Rfxd8 20. Rxd8+ Rxd8 21. axb3 Bxf3 22. gxf3 Rd2 23. e4 Rxb2 24. Nd5 Bd8 25. b4 a5 26. bxa5 bxa5 27. Be5 Rb1+ 28. Kg2 a4 29. Nc3 Rb4 30. Bd6 Rc4 31. Nb5 g6 32. Kf1 f5 33. e5 Kf7 34. Ke2 Be7 35. Ke3 Ke6 36. f4 Re4+ 37. Kf3 Bxd6 38. Nxd6 a3 0-1


[Site "https://www.chess.com"]

[Event "Titled Tuesday Blitz June 28 Early 2022"]
[White "Xiong, Jeffery"]
[Black "Nakamura, Hikaru"]
[WhiteFideId "2047640"]
[BlackFideId "2016192"]
[WhiteElo "2714"]
[BlackElo "2850"]
[Result "0-1"]
[Round "09"]
[TimeControl "180+1"]
[Date "2022.06.28"]
[WhiteClock "0:00:01"]
[BlackClock "0:00:54"]

1. e4 e5 2. Nf3 Nc6 3. Nc3 f5 4. exf5 Nf6 5. d4 e4 6. Ne5 Bb4 7. Bg5 d6 8. Ng4 Bxf5 9. Bxf6 gxf6 10. Ne3 Bg6 11. a3 Bxc3+ 12. bxc3 Ne7 13. h4 f5 14. g3 Qd7 15. Qb1 O-O-O 16. Qb5 c6 17. Qa5 Kb8 18. Rb1 Qc7 19. Qxc7+ Kxc7 20. c4 Rhf8 21. Ng2 d5 22. c5 Bf7 23. h5 b6 24. cxb6+ axb6 25. Nf4 Ra8 26. Rb3 c5 27. dxc5 bxc5 28. Be2 d4 29. Rb5 Kc6 30. Rb1 c4 31. h6 Rxa3 32. Bh5 d3 33. cxd3 Bxh5 34. Rxh5 exd3 35. Kd2 Ra2+ 36. Kc3 Rc2+ 37. Kd4 Rd8+ 38. Ke5 d2 39. Rhh1 c3 40. Ne6 Rd5+ 41. Kf6 Ng6 42. Ng5 Ra2 43. Nxh7 Rd6+ 44. Kg7 c2 45. Nf6 Ne5 46. h7 Ra7+ 47. Kg8 Rd8+ 0-1


[Site "https://www.chess.com"]

[Event "Titled Tuesday Blitz June 28 Early 2022"]
[White "Yaksin, Oleg"]
[Black "Ladan, Nicholas"]
[WhiteFideId "24105880"]
[BlackFideId "30918855"]
[WhiteElo "2256"]
[BlackElo "2167"]
[Result "1-0"]
[Round "09"]
[TimeControl "180+1"]
[Date "2022.06.28"]
[WhiteClock "0:00:04"]
[BlackClock "0:00:02"]

1. d4 d5 2. c4 e6 3. Nf3 Nf6 4. g3 dxc4 5. Bg2 Bd7 6. Ne5 Bc6 7. Nxc6 Nxc6 8. e3 Bd6 9. Qa4 O-O 10. Qxc4 e5 11. O-O Qe7 12. Bxc6 bxc6 13. dxe5 Qxe5 14. Qxc6 Rab8 15. Nc3 Rb6 16. Qf3 Rfb8 17. e4 Qa5 18. Rb1 Be5 19. Bf4 Bxc3 20. Bxc7 Be5 21. Bxb8 Rxb8 22. a3 h5 23. b4 Qb6 24. Rfd1 Rc8 25. Rbc1 Re8 26. Rc5 Bd6 27. Rc4 Ng4 28. Rcd4 Be5 29. Rd5 Bf6 30. Rxh5 Ne5 31. Qe2 Ng6 32. Rhd5 Ne5 33. Kg2 g6 34. h4 Kg7 35. h5 Re6 36. hxg6 Nxg6 37. Qg4 Qc7 38. Rd7 Qc4 39. Qf5 Be5 40. Qxf7+ Kh6 41. Rh1+ Kg5 42. Qf5# 1-0


[Site "https://www.chess.com"]

[Event "Titled Tuesday Blitz June 28 Early 2022"]
[White "Yang, Kaiqi"]
[Black "Dobre, Claudiu-Cristian"]
[WhiteFideId "8604398"]
[BlackFideId "1211854"]
[WhiteElo "2373"]
[BlackElo "2207"]
[Result "1/2-1/2"]
[Round "09"]
[TimeControl "180+1"]
[Date "2022.06.28"]
[WhiteClock "0:00:17"]
[BlackClock "0:00:13"]

1. d4 d5 2. c4 c6 3. Nf3 Nf6 4. Nc3 e6 5. e3 Nbd7 6. Qc2 Bd6 7. Be2 O-O 8. O-O a6 9. Rd1 Qe7 10. b3 dxc4 11. bxc4 c5 12. Bb2 cxd4 13. exd4 b6 14. Ng5 Bb7 15. d5 exd5 16. Nxd5 Bxd5 17. cxd5 h6 18. Nf3 Ne5 19. Qf5 Rfe8 20. Nxe5 Bxe5 21. d6 Bxd6 22. Bf3 Rad8 23. Bc6 Bxh2+ 24. Kh1 Rxd1+ 25. Rxd1 Rd8 26. Rxd8+ Qxd8 27. Bxf6 gxf6 28. Be4 Be5 29. Qh7+ Kf8 30. Qxh6+ Ke7 31. g3 Qd1+ 32. Kg2 Qe2 33. Qe3 Qxe3 34. fxe3 Kd6 35. Bb7 a5 36. a4 Kc5 37. Ba6 Kb4 38. Bb5 Bd6 39. Kf3 Be5 40. g4 Bb2 41. Ke4 Kc5 42. Be8 Kd6 43. Bxf7 Bc1 44. Bc4 Bd2 45. Bb5 Bc1 46. Kd3 Kc5 47. Ke4 Kd6 48. Kf5 Ke7 49. e4 Bb2 50. Bc4 Kd6 51. Bb5 Bc3 52. Be8 Be5 53. Bb5 Ke7 54. Kg6 Bd4 55. Bc4 Be5 56. Kf5 Kd6 57. Bd5 Bd4 58. Bb3 Bc3 59. Bc4 Bb2 60. Bb5 Bc3 61. g5 fxg5 62. Kxg5 Ke5 63. Bc6 Bd4 64. Kg6 Bc5 65. Kf7 Bd4 66. Ke8 Bc5 67. Kd7 Bd4 68. Kc8 Bc5 69. Kb7 Bd4 70. Ka6 Bc5 71. Kb5 Bd4 72. Bd5 Bc5 73. Kc4 Bd4 74. Bb7 Bc5 75. Bc6 Bd4 76. Bd5 Bc5 77. Bc6 Bd4 78. Bd5 Bc5 79. Bc6 1/2-1/2


[Site "https://www.chess.com"]

[Event "Titled Tuesday Blitz June 28 Early 2022"]
[White "Yoo, Christopher Woojin"]
[Black "Steinberg, Nitzan"]
[WhiteFideId "30909694"]
[BlackFideId "2801795"]
[WhiteElo "2105"]
[BlackElo "2471"]
[Result "1-0"]
[Round "09"]
[TimeControl "180+1"]
[Date "2022.06.28"]
[WhiteClock "0:01:11"]
[BlackClock "0:00:26"]

1. e4 c5 2. Nf3 d6 3. d4 cxd4 4. Nxd4 Nf6 5. Nc3 a6 6. a3 e5 7. Nf5 d5 8. Bg5 d4 9. Bxf6 gxf6 10. Nb1 Qb6 11. Nd2 Be6 12. Bc4 h5 13. O-O Nd7 14. Bd5 Rc8 15. c3 d3 16. Rb1 h4 17. Qf3 Nc5 18. Nc4 Qc7 19. Nce3 b5 20. Rbd1 Na4 21. Rd2 Bh6 22. Bxe6 Bxe3 23. Ng7+ Kf8 24. fxe3 1-0


[Site "https://www.chess.com"]

[Event "Titled Tuesday Blitz June 28 Early 2022"]
[White "Zhigalko, Sergei"]
[Black "Piesik, Piotr"]
[WhiteFideId "13502956"]
[BlackFideId "1136194"]
[WhiteElo "2662"]
[BlackElo "2247"]
[Result "1-0"]
[Round "09"]
[TimeControl "180+1"]
[Date "2022.06.28"]
[WhiteClock "0:01:41"]
[BlackClock "0:01:58"]

1. e4 e6 2. d4 d5 3. e5 c5 4. c3 Nc6 5. Nf3 Bd7 6. Be2 Nge7 7. Na3 Nf5 8. Nc2 cxd4 9. cxd4 Nb4 10. Ne3 Nxe3 11. fxe3 Qb6 12. O-O Be7 13. a3 Nc6 14. b4 O-O 15. Bd3 f6 16. b5 Na5 17. a4 Rac8 18. exf6 Bxf6 19. Ba3 Rfe8 20. Ne5 Bxe5 21. Qh5 g6 22. Bxg6 hxg6 23. Qxg6+ Bg7 24. Rf7 1-0


[Site "https://www.chess.com"]

[Event "Titled Tuesday Blitz June 28 Early 2022"]
[White "Zubritskiy, Artyom"]
[Black "Vidruska, Renate"]
[WhiteFideId "4181247"]
[BlackFideId "11601841"]
[WhiteElo "2478"]
[BlackElo "1873"]
[Result "1-0"]
[Round "09"]
[TimeControl "180+1"]
[Date "2022.06.28"]
[WhiteClock "0:01:38"]
[BlackClock "0:01:51"]

1. d4 Nf6 2. c4 e6 3. g3 Bb4+ 4. Bd2 Be7 5. Bg2 O-O 6. Qc2 d5 7. Nf3 Ne4 8. O-O Nc6 9. Rd1 Bf6 10. Be1 g6 11. e3 Bg7 12. Nbd2 Nxd2 13. Nxd2 Qe7 14. Rac1 dxc4 15. Qxc4 Bd7 16. Nb3 Rab8 17. Nc5 Nd8 18. Nxd7 Qxd7 19. Qxc7 Qxc7 20. Rxc7 a6 21. b3 b5 22. Rdc1 e5 23. d5 Nb7 24. R1c6 a5 25. Rb6 1-0


[Site "https://www.chess.com"]

[Event "Titled Tuesday Blitz June 28 Early 2022"]
[White "Adewumi, Tanitoluwa"]
[Black "Reprintsev, Alexander"]
[WhiteFideId "30966396"]
[BlackFideId "14100541"]
[WhiteElo "2656"]
[BlackElo "2108"]
[Result "1-0"]
[Round "10"]
[TimeControl "180+1"]
[Date "2022.06.28"]
[WhiteClock "0:00:07"]
[BlackClock "0:00:07"]

1. e4 d5 2. exd5 Qxd5 3. Nc3 Qa5 4. d4 Nf6 5. Nf3 Nc6 6. Bc4 Bg4 7. Be3 O-O-O 8. O-O e5 9. Bd2 Nxd4 10. Nd5 Qc5 11. Nxf6 Bxf3 12. gxf3 gxf6 13. Bd3 f5 14. c3 Ne6 15. Bxf5 Bh6 16. Bxh6 Rxd1 17. Raxd1 Qc6 18. Be4 Qb6 19. b4 a5 20. a3 Rg8+ 21. Kh1 Ng5 22. Bxg5 Rxg5 23. Rg1 f6 24. Rxg5 fxg5 25. Bf5+ Kb8 26. Bxh7 Qxf2 27. Be4 c6 28. bxa5 Qb2 29. a6 bxa6 30. Rb1 Qxb1+ 31. Bxb1 1-0


[Site "https://www.chess.com"]

[Event "Titled Tuesday Blitz June 28 Early 2022"]
[White "Aggelis, Nikolaos"]
[Black "Karaev, Seit-Amet"]
[WhiteFideId "4213220"]
[BlackFideId "4169549"]
[WhiteElo "2154"]
[BlackElo "2272"]
[Result "1-0"]
[Round "10"]
[TimeControl "180+1"]
[Date "2022.06.28"]
[WhiteClock "0:00:06"]
[BlackClock "0:00:28"]

1. d4 Nf6 2. g3 c5 3. d5 d6 4. Bg2 g6 5. Nf3 Bg7 6. O-O O-O 7. Nc3 a6 8. a4 e5 9. dxe6 fxe6 10. e4 e5 11. Bg5 Nc6 12. Nd5 Bg4 13. c3 Ne7 14. Bxf6 Bxf6 15. h3 Be6 16. a5 Nxd5 17. exd5 Bd7 18. Nd2 Bg7 19. Qb3 Rb8 20. Rfe1 h5 21. Nc4 Qe7 22. Qb6 Rf6 23. Qc7 Rbf8 24. Nb6 R8f7 25. Qxb7 Rxf2 26. Qxd7 Qg5 27. Qe8+ Kh7 28. Kh1 Qxg3 29. Rg1 e4 30. Nc4 R7f3 31. Qe6 e3 32. Rae1 Be5 33. Nxe5 dxe5 34. Qe7+ Kh6 35. Qe6 Rxg2 36. Rxg2 Qxe1+ 37. Kh2 Rf2 38. Qxg6# 1-0


[Site "https://www.chess.com"]

[Event "Titled Tuesday Blitz June 28 Early 2022"]
[White "Aldokhin, Ivan"]
[Black "Yaksin, Oleg"]
[WhiteFideId "24115720"]
[BlackFideId "24105880"]
[WhiteElo "2231"]
[BlackElo "2256"]
[Result "0-1"]
[Round "10"]
[TimeControl "180+1"]
[Date "2022.06.28"]
[WhiteClock "0:00:02"]
[BlackClock "0:00:05"]

1. e4 c5 2. Nf3 d6 3. g3 Nc6 4. Bg2 g6 5. O-O Bg7 6. c3 Bg4 7. h3 Bxf3 8. Qxf3 Nf6 9. Qe2 O-O 10. f4 Nd7 11. a4 Rb8 12. Na3 a6 13. Kh2 Qc7 14. d3 b5 15. axb5 axb5 16. Bd2 b4 17. Nc4 Nb6 18. Ne3 bxc3 19. bxc3 e6 20. f5 Nd7 21. h4 Rbe8 22. fxe6 fxe6 23. Bh3 Nde5 24. h5 Qe7 25. Rxf8+ Rxf8 26. Rf1 Rxf1 27. Qxf1 gxh5 28. Ng2 Qf7 29. Nf4 Ng4+ 30. Kg2 Nce5 31. d4 cxd4 32. cxd4 Nc6 33. d5 exd5 34. exd5 Nd4 35. Qc4 Qe8 36. Qd3 Qe5 37. Kg1 Nf5 38. Kg2 Nge3+ 39. Bxe3 Nxe3+ 40. Kf3 Ng4 41. Bxg4 hxg4+ 42. Kxg4 Bh6 43. Qf5 Bxf4 0-1


[Site "https://www.chess.com"]

[Event "Titled Tuesday Blitz June 28 Early 2022"]
[White "Al-Tarboush, Ward"]
[Black "Buscar, Michael"]
[WhiteFideId "7601450"]
[BlackFideId "2603616"]
[WhiteElo "2249"]
[BlackElo "2010"]
[Result "0-1"]
[Round "10"]
[TimeControl "180+1"]
[Date "2022.06.28"]
[WhiteClock "0:00:10"]
[BlackClock "0:00:05"]

1. e4 c5 2. Nf3 Nc6 3. d4 cxd4 4. Nxd4 Nf6 5. Nc3 e5 6. Ndb5 h6 7. Bc4 d6 8. Nd5 Nxd5 9. Bxd5 Be6 10. O-O Be7 11. c4 O-O 12. Be3 Qd7 13. Qd2 Kh7 14. Rad1 a6 15. Bxe6 Qxe6 16. Nc7 Qxc4 17. Nxa8 Rxa8 18. Qd5 Qxd5 19. exd5 Nb4 20. a3 Nc2 21. Bb6 Bg5 22. Rd3 Rc8 23. g3 e4 24. Rb3 f5 25. h4 Bf6 26. Rc1 Rc4 27. Rc3 Rxc3 28. bxc3 Nxa3 29. Bd4 Bxd4 30. cxd4 Nb5 31. Rc8 Nxd4 32. Rb8 b5 33. Rb6 a5 34. Rxd6 a4 35. Ra6 Kg8 36. Kf1 Kf7 37. Ke1 a3 38. Kd2 b4 39. Ra4 Nb3+ 40. Kc2 Nc5 41. Ra7+ Kf6 42. Ra5 b3+ 43. Kc3 b2 44. Kc2 Nd3 45. Rxa3 Nb4+ 46. Kxb2 Nxd5 47. Ra5 Nb4 48. Kc3 Nd3 49. f4 Ne1 50. Kd4 Nf3+ 51. Ke3 Ng1 52. h5 Nf3 53. Ra6+ Kf7 54. Rb6 Nh2 55. Kd4 Ng4 56. Kd5 Nf6+ 57. Kd6 Nxh5 58. Rb3 Kf6 59. Ra3 g5 60. fxg5+ Kxg5 61. Ke5 Kg4 62. Ra6 Nxg3 63. Rg6+ Kf3 64. Kd4 f4 65. Rxh6 Nf5+ 0-1


[Site "https://www.chess.com"]

[Event "Titled Tuesday Blitz June 28 Early 2022"]
[White "Andreikin, Dmitry"]
[Black "Narayanan.S.L"]
[WhiteFideId "4158814"]
[BlackFideId "5058422"]
[WhiteElo "2736"]
[BlackElo "2494"]
[Result "1-0"]
[Round "10"]
[TimeControl "180+1"]
[Date "2022.06.28"]
[WhiteClock "0:00:34"]
[BlackClock "0:00:25"]

1. d4 Nf6 2. c4 c5 3. Nf3 cxd4 4. Nxd4 e6 5. Nc3 d5 6. e3 Be7 7. Be2 O-O 8. O-O dxc4 9. Bxc4 a6 10. Be2 Bd7 11. Bf3 Qb6 12. b3 Nc6 13. Na4 Qc7 14. Bb2 Rad8 15. Rc1 Qb8 16. Bxc6 bxc6 17. Qf3 Bd6 18. h3 Bh2+ 19. Kh1 Be5 20. Nc5 Bxd4 21. Bxd4 e5 22. Bb2 Bc8 23. Rfd1 Rxd1+ 24. Rxd1 Qb5 25. Rc1 Re8 26. Qg3 Nd7 27. Ne4 Qd5 28. f3 f5 29. Nc3 Qd2 30. Nd1 Nf6 31. Qf2 Qd5 32. Nc3 Qf7 33. Ne2 Nd5 34. Rxc6 Nb4 35. Rd6 Nxa2 36. Qg3 Qe7 37. Rd5 f4 38. exf4 exf4 39. Nxf4 Qe1+ 40. Qxe1 Rxe1+ 41. Kh2 Kf7 42. Rc5 Bf5 43. Rxf5+ 1-0


[Site "https://www.chess.com"]

[Event "Titled Tuesday Blitz June 28 Early 2022"]
[White "Araujo Sanchez, Josue"]
[Black "Warmerdam, Max"]
[WhiteFideId "6416896"]
[BlackFideId "1048104"]
[WhiteElo "2339"]
[BlackElo "2537"]
[Result "1-0"]
[Round "10"]
[TimeControl "180+1"]
[Date "2022.06.28"]
[WhiteClock "0:00:09"]
[BlackClock "0:00:06"]

1. Nf3 Nf6 2. b3 g6 3. Bb2 Bg7 4. c4 O-O 5. e3 c5 6. Be2 b6 7. O-O Bb7 8. d4 e6 9. dxc5 bxc5 10. Nc3 Qe7 11. Qd2 d6 12. Rfd1 Rd8 13. Rac1 Nc6 14. Qc2 a6 15. Rd2 h6 16. Rcd1 g5 17. a3 Rab8 18. Bd3 Ba8 19. Ne4 Nxe4 20. Bxe4 Bxb2 21. Bxc6 Bxa3 22. Bxa8 Rxa8 23. h4 Bb4 24. Rd3 g4 25. Nh2 h5 26. e4 Ba5 27. Qe2 Qxh4 28. Rxd6 Rxd6 29. Rxd6 Bc7 30. g3 Qe7 31. Rd3 Rd8 32. Rxd8+ Qxd8 33. Qe3 Qd1+ 34. Kg2 Qd4 35. Qg5+ Kf8 36. Qh6+ Ke8 37. Qxh5 Qxe4+ 38. Kg1 Qb1+ 39. Kg2 Qxb3 40. Qxc5 Qb7+ 41. Kg1 f5 42. Qd4 Qb1+ 43. Nf1 Qe4 44. Qa7 Qc6 45. Qd4 Bb6 46. Qh8+ Kd7 47. Qg7+ Kc8 48. Qf8+ Kb7 49. Qf7+ Kc8 50. Qf8+ Kc7 51. Qf7+ Qd7 52. Qf8 Qd6 53. Qf7+ Kc6 54. Qe8+ Kc5 55. Qa4 Kd4 56. Qxa6 Qc5 57. Qa1+ Kxc4 58. Qa2+ Kb5 59. Qb3+ Ka6 60. Qa4+ Kb7 61. Qd7+ Kb8 62. Qe8+ Kc7 63. Qf7+ Kd8 64. Qg8+ Kd7 65. Qg7+ Qe7 66. Qb2 Qd6 67. Qb5+ Ke7 68. Qb2 Bc5 69. Qg7+ Kd8 70. Qh8+ Kd7 71. Qg7+ Kc6 72. Qb2 Qd5 73. Qc2 Qf3 74. Qa2 Kd6 75. Qd2+ Ke7 76. Qg5+ Kd7 77. Qg7+ Kc6 78. Qb2 e5 79. Qa2 Kd6 80. Qa6+ Qc6 81. Qd3+ Ke6 82. Ne3 Bxe3 83. Qxe3 Qc4 84. Qh6+ Kd5 85. Qh7 Ke4 86. Qb7+ Qd5 87. Qb1+ Qd3 88. Qb4+ Kd5 89. Qb7+ Ke6 90. Qc8+ Qd7 91. Qg8+ Kd6 92. Qg6+ Kd5 93. Qg8+ Kd4 94. Qb3 Qc6 95. Qe3+ Kd5 96. Qd2+ Ke6 97. Qh6+ Kd7 98. Qh7+ Ke6 99. Qg6+ Kd5 100. Qxf5 Qc1+ 101. Kg2 Qd1 102. Qd7+ 1-0


[Site "https://www.chess.com"]

[Event "Titled Tuesday Blitz June 28 Early 2022"]
[White "Averjanov, Alexey"]
[Black "Khamdamova, Afruza"]
[WhiteFideId "14109867"]
[BlackFideId "14210444"]
[WhiteElo "2682"]
[BlackElo "1660"]
[Result "1-0"]
[Round "10"]
[TimeControl "180+1"]
[Date "2022.06.28"]
[WhiteClock "0:00:55"]
[BlackClock "0:00:08"]

1. d4 Nf6 2. c4 e6 3. Nf3 d5 4. e3 Be7 5. Nbd2 O-O 6. Bd3 c5 7. b3 cxd4 8. exd4 Nc6 9. Bb2 b6 10. O-O Bb7 11. Qe2 Rc8 12. Rac1 Nb4 13. Bb1 dxc4 14. bxc4 Ba6 15. Rfd1 Nbd5 16. Ne5 Nf4 17. Qf3 Ng6 18. Nc6 Qd7 19. Nxe7+ Qxe7 20. Bd3 Rfd8 21. g3 Bb7 22. Qe2 Ba8 23. Ne4 Qb7 24. f3 Ne8 25. h4 Ne7 26. Kg2 Nd6 27. Nxd6 Rxd6 28. Be4 Qd7 29. Bxa8 Rxa8 30. Rd2 Rc8 31. Rcd1 Qc6 32. d5 Qxc4 33. Qe5 Nf5 34. Rc1 Qxc1 35. Bxc1 Rxc1 36. g4 f6 37. Qf4 Nxh4+ 38. Kf2 e5 39. Qb4 Rd7 40. Qa4 Rcc7 41. d6 Rb7 42. Qc4+ Kf8 43. Qc8+ Kf7 44. Qxb7 Rxb7 45. d7 Rxd7 46. Rxd7+ Kf8 47. Rxa7 Ng6 48. Rb7 Nf4 49. Rxb6 Nd3+ 50. Ke3 Nc5 51. Rc6 Nd7 52. a4 Ke7 53. a5 Nb8 54. Rc7+ Kd6 55. Rb7 Nc6 56. a6 1-0


[Site "https://www.chess.com"]

[Event "Titled Tuesday Blitz June 28 Early 2022"]
[White "Bettalli, Francesco"]
[Black "Estrada Nieto, Julian"]
[WhiteFideId "2816453"]
[BlackFideId "5101018"]
[WhiteElo "2216"]
[BlackElo "2252"]
[Result "0-1"]
[Round "10"]
[TimeControl "180+1"]
[Date "2022.06.28"]
[WhiteClock "0:00:09"]
[BlackClock "0:00:04"]

1. d4 d5 2. Nc3 Nf6 3. Bf4 Bf5 4. f3 e6 5. g4 Bg6 6. h4 h6 7. Qd2 Bb4 8. a3 Bd6 9. O-O-O Nbd7 10. Bg2 Bxf4 11. Qxf4 c6 12. e4 Nb6 13. Nge2 Nc4 14. h5 Bh7 15. e5 Nd7 16. a4 Qb6 17. b3 Na3 18. Rd2 Qb4 19. Qe3 Nb6 20. Kd1 O-O-O 21. f4 Bxc2+ 22. Rxc2 Qxb3 23. Qc1 Nbc4 24. Rh3 c5 25. Nb5 Qxc2+ 26. Qxc2 Nxc2 27. Kxc2 a6 28. Nbc3 cxd4 29. Nxd4 Kb8 30. Bf1 Rc8 31. Bxc4 Rxc4 32. Kb3 Rhc8 33. Rd3 Ka7 34. f5 Re8 35. f6 gxf6 36. exf6 Rg8 37. Nce2 Rxg4 38. Nf3 Rxa4 39. Ne5 Rgb4+ 40. Kc3 Rh4 41. Nxf7 Rxh5 42. Nd6 Ra3+ 43. Kd4 Rh4+ 44. Ke5 Rxd3 45. f7 Rf3 46. Nd4 Rxf7 47. Nxf7 Re4+ 48. Kd6 Rxd4 49. Nd8 a5 50. Nxe6 Rd1 51. Nc7 Kb6 52. Na8+ Kb5 53. Nc7+ Kb4 54. Ke5 a4 55. Nxd5+ Rxd5+ 56. Kxd5 0-1


[Site "https://www.chess.com"]

[Event "Titled Tuesday Blitz June 28 Early 2022"]
[White "Bharath Subramaniyam H"]
[Black "Harvey, Marcus R"]
[WhiteFideId "46634827"]
[BlackFideId "400092"]
[WhiteElo "2242"]
[BlackElo "2485"]
[Result "0-1"]
[Round "10"]
[TimeControl "180+1"]
[Date "2022.06.28"]
[WhiteClock "0:00:02"]
[BlackClock "0:00:05"]

1. e4 e5 2. Nf3 Nf6 3. Nxe5 d6 4. Nf3 Nxe4 5. d4 d5 6. Bd3 Bd6 7. O-O O-O 8. c4 c6 9. Re1 Bf5 10. Qc2 h6 11. Nc3 Na6 12. a3 Bg4 13. Bxe4 dxe4 14. Qxe4 Qd7 15. b4 Rae8 16. Ne5 Bxe5 17. dxe5 Bf5 18. Qe3 Qd3 19. Bb2 Qxc4 20. Qxa7 Ra8 21. Qb6 Qe6 22. Rad1 Rfc8 23. h3 Qe7 24. Ne4 Bxe4 25. Rxe4 Qc7 26. Qe3 Re8 27. e6 fxe6 28. Rxe6 Qf7 29. Rxe8+ Rxe8 30. Qc3 Nc7 31. a4 Nd5 32. Qd4 Re2 33. b5 Rc2 34. bxc6 bxc6 35. Re1 Nf6 36. Qd8+ Kh7 37. Re7 Qg6 38. Rxg7+ Qxg7 39. Bxf6 Rc1+ 40. Kh2 Qf7 41. Qd3+ Kg8 42. Qg3+ Kh7 43. Be5 Rc4 44. a5 Ra4 45. Qd3+ Kg8 46. a6 c5 47. Bb8 c4 48. Qd8+ Kh7 49. a7 Rxa7 50. Bxa7 Qxa7 51. Qd5 Qc7+ 52. g3 c3 53. Qf5+ Kg7 54. Qc2 Qc4 55. Kg2 Qd4 56. Kf3 Qc4 57. Ke3 Kf6 58. f4 h5 59. g4 h4 60. g5+ Ke6 61. Qg6+ Ke7 62. Qg7+ Kd6 63. Qe5+ Kd7 64. Qf5+ Ke7 65. Qd3 Qc5+ 66. Kf3 c2 67. Qh7+ Kd8 68. Qd3+ Kc7 69. Qh7+ Kb6 70. Qg6+ Ka5 71. Qe8 c1=Q 72. Qa8+ Kb4 73. Qb7+ Kc4 74. Kg4 Q1g1+ 75. Kxh4 Qcf2+ 76. Kh5 Qe2+ 77. Kh6 Qe6+ 78. Kg7 Qd4+ 79. Kh7 Qxh3+ 80. Kg6 Qdd3+ 81. Kf6 Qhf5+ 82. Ke7 Qh7+ 83. Kf6 Qd6# 0-1


[Site "https://www.chess.com"]

[Event "Titled Tuesday Blitz June 28 Early 2022"]
[White "Blokhin, Sofia"]
[Black "Gallegos Diaz, Carlos Alberto"]
[WhiteFideId "4508190"]
[BlackFideId "3900886"]
[WhiteElo "1760"]
[BlackElo "2362"]
[Result "0-1"]
[Round "10"]
[TimeControl "180+1"]
[Date "2022.06.28"]
[WhiteClock "0:00:02"]
[BlackClock "0:00:09"]

1. d4 e6 2. e4 d5 3. e5 c5 4. c3 Qb6 5. Nf3 Bd7 6. a3 c4 7. Be2 Nc6 8. O-O Na5 9. Nbd2 h6 10. Rb1 Ne7 11. b3 cxb3 12. Nxb3 Nxb3 13. Rxb3 Qc7 14. Bb5 Bxb5 15. Rxb5 Nc6 16. a4 Be7 17. Bf4 O-O 18. Qd2 Rfc8 19. Rfb1 b6 20. g4 Bf8 21. g5 h5 22. g6 fxg6 23. Ng5 Nd8 24. Qd3 Be7 25. Qxg6 Bxg5 26. Bxg5 Qf7 27. Qd3 Nc6 28. f4 Rf8 29. R5b2 Qf5 30. Qe3 Na5 31. Qe1 Rac8 32. Rc1 Rf7 33. Rg2 Rfc7 34. Qg3 Kh7 35. Bh4 Nc4 36. Qf3 g6 37. Rg5 Qe4 38. Rxh5+ gxh5 39. Qxh5+ Kg8 40. Qg5+ Rg7 41. Qxg7+ Kxg7 0-1


[Site "https://www.chess.com"]

[Event "Titled Tuesday Blitz June 28 Early 2022"]
[White "Boraso, Alessio"]
[Black "Coelho, Ramyres Santana"]
[WhiteFideId "848077"]
[BlackFideId "2120690"]
[WhiteElo "2286"]
[BlackElo "1888"]
[Result "1-0"]
[Round "10"]
[TimeControl "180+1"]
[Date "2022.06.28"]
[WhiteClock "0:00:04"]
[BlackClock "0:00:02"]

1. Nf3 Nf6 2. g3 g6 3. Bg2 Bg7 4. O-O O-O 5. d4 d6 6. c4 c6 7. Nc3 Qc7 8. h3 e5 9. e4 Nbd7 10. Re1 Re8 11. Be3 a5 12. a3 Nf8 13. b4 axb4 14. axb4 Rxa1 15. Qxa1 exd4 16. Nxd4 Ne6 17. b5 Nxd4 18. Bxd4 Be6 19. Qa4 Qd7 20. bxc6 bxc6 21. e5 dxe5 22. Bxe5 Rc8 23. h4 Ng4 24. Bxg7 Kxg7 25. c5 Nf6 26. Rd1 Qc7 27. Qa1 Qe5 28. Re1 Qd4 29. Rd1 Qe5 30. Ne4 Qxa1 31. Rxa1 Bd5 32. Nd6 Rc7 33. Ra5 Bxg2 34. Kxg2 Nd7 35. f4 Kh6 36. Kf3 Nf6 37. g4 Nd5 38. g5+ Kh5 39. Ne4 Re7 40. Ra1 Rxe4 41. Kxe4 Kxh4 42. Ke5 Kg4 43. Rh1 Nxf4 44. Rg1+ 1-0


[Site "https://www.chess.com"]

[Event "Titled Tuesday Blitz June 28 Early 2022"]
[White "Bringas Gomez, Artai"]
[Black "Novikova, Galina"]
[WhiteFideId "24534064"]
[BlackFideId "4157095"]
[WhiteElo "1988"]
[BlackElo "1863"]
[Result "1-0"]
[Round "10"]
[TimeControl "180+1"]
[Date "2022.06.28"]
[WhiteClock "0:00:36"]
[BlackClock "0:00:03"]

1. e4 e6 2. d4 d5 3. e5 c5 4. dxc5 Bxc5 5. Bd3 Nc6 6. Nf3 Nge7 7. O-O Ng6 8. Re1 O-O 9. c3 a5 10. a4 b6 11. Na3 Ba6 12. Nb5 Na7 13. Ng5 h6 14. Bxg6 fxg6 15. Nxe6 Bxf2+ 16. Kh1 Qh4 17. Nxf8 Bxe1 18. Nxg6 Qf2 19. Qd3 Nxb5 20. axb5 Bb7 21. Be3 Qxb2 22. Rxe1 d4 23. Bd2 a4 24. e6 a3 25. e7 Re8 26. Rf1 a2 27. Rf8+ Kh7 28. Ne5+ 1-0


[Site "https://www.chess.com"]